 Dungeon Sprint DCSS version 0.19.5 (webtiles) character file.

99 Snowbourne the Covert (level 4, -6/21 HPs)
             Began as a Spriggan Enchanter on May 12, 2017.
             Killed from afar by a white imp (7 damage)
             ... with a puff of frost
             ... summoned by a neqoxec
             ... in the Dungeon (Sprint II: "The Violet Keep of Menkaure").
             The game lasted 00:00:55 (41 turns).

Snowbourne the Covert (Spriggan Enchanter)            Turns: 41, Time: 00:00:56

Health: -6/21      AC:  3    Str:  4      XL:     4   Next: 45%
Magic:  9/9        EV: 18    Int: 14 (16) God:
Gold:   486        SH:  0    Dex: 17      Spells: 1 memorised, 7 levels left

rFire  . . .     SeeInvis +     a - +1 dagger
rCold  . . .     Gourm    .     b - +1 robe
rNeg   . . .     Faith    .     (shield restricted)
rPois  .         Spirit   .     (helmet restricted)
rElec  .         Reflect  .     (no cloak)
rCorr  .         Harm     .     (gloves unavailable)
MR     .....     NoTele   +     (boots unavailable)
Stlth  +++++.....               (no amulet)
                                (no ring)
                                (no ring)

@: very quick
A: unfitting armour, see invisible, herbivore 3, speed 3, screaming 1, slow
regeneration 1, slow metabolism 2
a: no special abilities


You were in the Dungeon.
You were not hungry.

You visited 1 branch You collected 486 gold pieces.

Inventory:

Hand Weapons
 a - a +1 dagger (weapon)
Armour
 b - a +1 robe (worn)
Scrolls
 j - a scroll of blinking
Potions
 e - a potion of curing
 f - a potion of heal wounds
 g - a potion of haste
 h - 2 potions of magic
 i - a potion of berserk rage
Books
 c - a book of Maledictions

   Spells                             Type                      Level
   a - Corona                         Hexes                        1
   b - Ensorcelled Hibernation        Hexes/Ice                    2
   c - Confuse                        Hexes                        3
   d - Tukima's Dance                 Hexes                        3
   e - Dazzling Spray                 Conjuration/Hexes            3
Comestibles
 d - a bread ration


   Skills:
 - Level 1.1 Short Blades
 - Level 3.0 Dodging
 + Level 10.6 Stealth
 - Level 2.6 Spellcasting
 + Level 8.4 Hexes


You had 7 spell levels left.
You knew the following spells:

 Your Spells              Type           Power        Failure   Level  Hunger
a - Corona                Hex            ####...      1%          1    #......


Dungeon Overview and Level Annotations

Branches:
Dungeon (1/1)

Altars:


Innate Abilities, Weirdness & Mutations

You are very small and have problems with some larger weapons.
You are too small for most types of armour.
You have supernaturally acute eyesight. (SInv)
You are a herbivore.
You cover ground extremely quickly.
You need consume almost no food.
You occasionally shout uncontrollably at your foes.
You regenerate slowly when monsters are visible.


Message History

The quasit bites you.
Your memorisation is interrupted.
The quasit completely misses you. The quasit misses you.
The neqoxec gestures.
The neqoxec gestures at you.
Strange energies course through your body.
Your regeneration weakens near monsters.
The neqoxec gestures at you.
You feel dopey. Something feeds on your intellect!
The white imp completely misses you. The white imp hits you.
The white imp freezes you.
Memorise Ensorcelled Hibernation, consuming 2 spell levels and leaving 5?
The quasit completely misses you.
The quasit claws you but does no damage.
Your memorisation is interrupted.
The quasit misses you. The neqoxec barely misses you.
The neqoxec gestures.
The white imp gestures at you. The puff of frost hits you!
* * * LOW HITPOINT WARNING * * *
The white imp gestures at you. The puff of frost hits you!
You die...

# ### #3
#+# #†##
#3##5###..#
#3@5.+.##+
###5###†.#
##+# #.##
#..# ###
#††## ##.#
##+


You could see 3 neqoxecs, a quasit and 2 white imps.

Vanquished Creatures
  4 worker ants (D)
  2 worms (D)
6 creatures vanquished.

Notes
Turn   | Place    | Note
-------+----------+-------------------------------------------
     0 | D        | Snowbourne the Spriggan Enchanter began the quest for the Orb.
     0 | D        | Reached XP level 1. HP: 9/9 MP: 5/5
     1 | D        | Noticed a worker ant
     1 | D        | Noticed a worker ant
     3 | D        | Noticed a worker ant
     3 | D        | Noticed a worker ant
     4 | D        | Killed a worker ant
     4 | D        | Reached skill level 7 in Stealth
     4 | D        | Reached skill level 5 in Hexes
     4 | D        | Reached XP level 2. HP: 13/13 MP: 6/6
     5 | D        | Reached skill level 8 in Stealth
     5 | D        | Reached XP level 3. HP: 16/16 MP: 8/8
     7 | D        | Reached skill level 9 in Stealth
     7 | D        | Reached XP level 4. HP: 21/21 MP: 9/9
    10 | D        | Reached skill level 10 in Stealth
    31 | D        | Noticed a neqoxec
    33 | D        | Noticed a neqoxec
    36 | D        | Gained mutation: You occasionally shout uncontrollably at your foes. [a neqoxec]
    37 | D        | Noticed a neqoxec
    40 | D        | Gained mutation: You regenerate slowly when monsters are visible. [a neqoxec]
    41 | D        | HP: 1/21 [white imp/puff of frost[a neqoxec] (8)]
    41 | D        | Killed from afar by a white imp

Skill      XL: |  1  2  3  4 |
---------------+-------------+-----
Stealth        | 7 8 9 10 | 10.6
Hexes          | 5 6 7 8 |  8.4
Short Blades   | |  1.1
Dodging        | |  3.0
Spellcasting   | |  2.6

Action                   |  1- 3 |  4- 6 || total
-------------------------+-------+-------++-------
Melee: Dagger            |     3 |     4 ||     7
 Stab: Sleeping          |     3 |     3 ||     6
Armor: Robe              |       |     1 ||     1
Dodge: Dodged            |       |    12 ||    12
